 Dungeon Crawl Stone Soup version 0.29.1-15-g9cfb28693d (webtiles) character file.

Game seed: 9830889230237498833

580 Szpachlarz the Chopper (level 7, -6/61 HPs)
             Began as a Minotaur Berserker on Mar 1, 2023.
             Was a Priest of Trog.
             Mangled by an orc
             ... wielding a +0 morningstar
              (8 damage)
             ... on level 5 of the Dungeon.
             The game lasted 00:27:22 (4812 turns).

Szpachlarz the Chopper (Minotaur Berserker)         Turns: 4812, Time: 00:27:27

Health: -6/61      AC: 13    Str: 23    XL:     7   Next: 13%
Magic:  15/15      EV:  7    Int:  4    God:    Trog [***...]
Gold:   268        SH:  0    Dex: 10    Spells: 6/6 levels left

rFire   . . .      SeeInvis .   y - +2 halberd (freeze)
rCold   . . .      Faith    .   (shield currently unavailable)
rNeg    . . .      Spirit   .   t - +0 plate armour
rPois   .          Reflect  .   (helmet restricted)
rElec   .          Harm     .   (no cloak)
rCorr   .          Rampage  .   (no gloves)
Will    .....                   n - +0 pair of boots
Stlth   ..........              (no amulet)
HPRegen 0.20/turn               q - ring of flight
MPRegen 0.14/turn               z - ring of magical power

@: on berserk cooldown, flying, slowed, very slow
A: horns 2, retaliatory headbutt
a: Renounce Religion, Berserk, Trog's Hand


You were on level 5 of the Dungeon.
You worshipped Trog.
Trog was most pleased with you.
You visited 1 branch of the dungeon, and saw 5 of its levels.

You collected 268 gold pieces.

Inventory:

Hand Weapons
 a - a +0 hand axe
 p - a +2 short sword of venom
 s - a +0 mace
 y - a +2 halberd of freezing (weapon)
Missiles
 k - 5 boomerangs (quivered)
Armour
 n - a +0 pair of boots (worn)
 r - a +2 leather armour of fire resistance
 t - a +0 plate armour (worn)
Jewellery
 q - a ring of flight (left hand)
 z - a ring of magical power (right hand)
Scrolls
 c - 2 scrolls of blinking
 f - 2 scrolls of fear {unknown}
 h - a scroll of enchant armour {unknown}
 i - a scroll of immolation {unknown}
 j - 5 scrolls of identify
 l - 5 scrolls of poison
 u - a scroll of noise {unknown}
 x - a scroll of amnesia {unknown}
Potions
 b - a potion of flight {unknown}
 d - a potion of cancellation {unknown}
 e - 2 potions of lignification {unknown}
 g - 2 potions of attraction {unknown}
 m - 2 potions of haste {unknown}
 o - a potion of heal wounds {unknown}
 v - a potion of berserk rage {unknown}
 w - 4 potions of curing {unknown}


   Skills:
 + Level 5.5 Fighting
 + Level 5.7(6.3) Axes
 + Level 3.2(5.0) Maces & Flails
 + Level 1.7(4.0) Polearms
 + Level 4.7 Armour
 + Level 3.2 Dodging
 + Level 1.0 Stealth


You had 6 spell levels left.
You didn't know any spells.
Your spell library contained the following spells:

 Spells                   Type           Power      Damage    Failure   Level
 Freeze                   Ice            0%         1d3       100%        1
 Shock                    Conj/Air       0%         1d3       100%        1
 Frozen Ramparts          Ice            0%         1d1       100%        3
 Ignite Poison            Fire/Tmut/Pois 0%         N/A       100%        3
 Mephitic Cloud           Conj/Pois/Air  0%         N/A       100%        3
 Swiftness                Air            0%         N/A       100%        3
 Airstrike                Air            0%         2d(0-16)  100%        4
 Anguish                  Hex/Necr       0%         N/A       100%        4
 Hailstorm                Conj/Ice       0%         3d3       100%        4
 Freezing Cloud           Conj/Ice/Air   0%         6-21      100%        5
 Enfeeble                 Hex            0%         N/A       100%        7


Dungeon Overview and Level Annotations

Branches:
Dungeon (5/15)
 Temple: D:4-7

Altars:
Vehumet
Xom


Innate Abilities, Weirdness & Mutations

You have a pair of horns on your head.
You reflexively headbutt those who attack you in melee.


Message History

Trog accepts your kill.
The gnoll hits you but does no damage. x2
You slice the gnoll!! You freeze the gnoll.
You kill the gnoll!
Trog accepts your kill. The gnoll barely misses you.
You impale the gnoll!! You freeze the gnoll.
You kill the gnoll!
Trog accepts your kill.
You are no longer berserk.
You are exhausted.
You feel yourself slow down. The gnoll barely misses you.
The orc hits you with a +0 morningstar.
* * * LOW HITPOINT WARNING * * *
The gnoll hits you but does no damage.
As you read the scroll labelled GAPNOE SAC SUH, it crumbles to dust.
It is a scroll of identify.
l - 5 scrolls of poison The orc hits you but does no damage.
The gnoll hits you from afar with a +0 halberd!
* * * LOW HITPOINT WARNING * * *
Blink to where?
Press: ? - help, Dir - move target Blink to where?
Press: ? - help, Dir - move target Blink to where?
Press: ? - help, Dir - move target, f - orc
Aim: an orc, wielding a +0 morningstar and wearing a +0 leather armour Blink to where?
Press: ? - help, Dir - move target Blink to where?
Press: ? - help, Dir - move target, f - orc
Aim: an orc, wielding a +0 morningstar and wearing a +0 leather armour
Okay, then.
As you read the scroll labelled ZEFFUOSKYIME, it crumbles to dust.
It was a scroll of blinking.
The gnoll is no longer moving quickly.
The orc hits you with a +0 morningstar.
* * * LOW HITPOINT WARNING * * *
The gnoll barely misses you. The orc hits you with a +0 morningstar!
You die...

................#....#
....##..#.......##...###
#.......##...##........##.
##.......#)..#............
##.......................
##.##..................#
####.##................
#####.....##g{.....#
##.#..@o#..o....
###..###o.###g. #### ...#
....# ...## .... ...##


You could see a gnoll and an orc.

Vanquished Creatures
  A phantom (D:5)
  2 jellies (D:4)
  A gnoll bouda (D:5)
  An orc priest (D:5)
  An orc wizard (D:5)
  3 iguanas
  12 gnolls
  A river rat (D:4)
  4 adders
  4 worms
  3 dart slugs
  7 orcs
  5 bats
  6 endoplasms
  12 giant cockroaches
  3 goblins
  4 hobgoblins
  4 jackals
  7 quokkas
  13 ball pythons
  2 frilled lizards
  7 kobolds
  9 rats
112 creatures vanquished.

Notes
Turn   | Place    | Note
-------+----------+-------------------------------------------
     0 | D:1      | Szpachlarz the Minotaur Berserker began the quest for the
                  | Orb.
     0 | D:1      | Reached XP level 1. HP: 19/19 MP: 0/0
    89 | D:1      | Reached XP level 2. HP: 19/27 MP: 1/1
   401 | D:1      | Reached XP level 3. HP: 32/33 MP: 2/2
  1003 | D:2      | Reached ** piety under Trog
  1155 | D:2      | Found a faded altar of an unknown god.
  1254 | D:2      | Reached XP level 4. HP: 40/41 MP: 3/3
  1355 | D:2      | HP: 1/41 [orc/+0 trident (3)]
  1774 | D:4      | Reached skill level 5 in Axes
  1779 | D:4      | Reached skill level 5 in Fighting
  1779 | D:4      | Reached XP level 5. HP: 13/48 MP: 4/4
  2474 | D:3      | Found a shimmering altar of Xom.
  2580 | D:2      | Found a radiant altar of Vehumet.
  3076 | D:4      | Reached *** piety under Trog
  3488 | D:4      | Reached skill level 1 in Stealth
  3732 | D:4      | Reached XP level 6. HP: 27/56 MP: 5/5
  4038 | D:4      | Reached skill level 1 in Maces & Flails
  4218 | D:5      | Entered Level 5 of the Dungeon
  4801 | D:5      | Reached skill level 1 in Polearms
  4803 | D:5      | Reached XP level 7. HP: 38/61 MP: 6/6
  4812 | D:5      | HP: 2/61 [orc/+0 morningstar (4)]
  4812 | D:5      | Mangled by an orc

Illustrated notes

Levels and vault maps discovered:
D:1:      ncdulo_lavacross, layout_rooms, minmay_door_square
D:2:      cheibrodos_pilgrimage, layout_basic, basic_altar,
          basic_ecumenical_altar, kennysheep_minor_cross
D:3:      layout_rooms, mainiacjoe_overflow_24_doors
D:4:      minmay_spotlight, layout_loops_ring, gup_sewer_entry_spiral
D:5:      layout_cave_pools, minmay_temple_entry_statues_pillars

Skill      XL: |  1  2  3  4  5  6 |
---------------+-------------------+-----
Axes           | 4 5 |  5.7
Fighting       | 4 5 |  5.5
Armour         | 3 4 |  4.7
Dodging        | 3 |  3.2
Stealth        | 1 |  1.0
Maces & Flails | 3 |  3.2
Polearms       | 1 |  1.7

Action                   |  1- 3 |  4- 6 |  7- 9 || total
-------------------------+-------+-------+-------++-------
Melee: Hand axe          |    66 |    60 |       ||   126
       Headbutt          |     6 |    24 |     1 ||    31
       Mace              |       |    63 |       ||    63
       Halberd           |       |    21 |     7 ||    28
       Punch             |       |     1 |       ||     1
Invok: Berserk           |       |     2 |       ||     2
  Use: Scroll            |       |       |     2 ||     2
Armor: Animal skin       |     5 |       |       ||     5
       Leather armour    |     3 |    11 |       ||    14
       Chain mail        |       |    17 |       ||    17
       Scale mail        |       |    14 |       ||    14
       Plate armour      |       |    40 |     5 ||    45
Dodge: Dodged            |    38 |   103 |     4 ||   145
